 Dungeon Sprint DCSS version 0.28.0-43-g3370ac3207 (webtiles) character file.

Game seed: 10637973861147888293

126 Baz the Magician (level 5, -2/41 HPs)
             Began as a Djinni Air Elementalist on Mar 17, 2022.
             Was a Follower of Makhleb.
             Slain by a yak (13 damage)
             ... in the Dungeon (Sprint IX: "|||||||||||||||||||||||||||||").
             The game lasted 00:01:47 (448 turns).

Baz the Magician (Djinni Air Elementalist)           Turns: 448, Time: 00:01:47

Health: -2/41      AC:  4    Str:  7    XL:     5   Next: 31%
Gold:   0          EV: 13    Int: 19    God:    Makhleb [*.....] SH:  0 Dex: 13

rFire   + + .      SeeInvis .   g - +0 short sword
rCold   x . .      Faith    .   (no shield)
rNeg    . . .      Spirit   .   a - +0 robe
rPois   ∞          Reflect  .   m - +0 helmet
rElec   .          Harm     .   (no cloak)
rCorr   .          Rampage  .   l - +0 pair of gloves
Will    .....      NoTele   +   (boots unavailable)
Stlth   ++........              (no amulet)
HPRegen 0.13/turn               (no ring)
MPRegen 0.00/turn               (no ring)

@: flying
A: sickness immunity, fire resistance 2, cold vulnerability 1, float, innate
caster, HP casting, extra vitality 1
a: Renounce Religion


You were in the Dungeon.
You worshipped Makhleb.
Makhleb was aware of your devotion.
You visited 1 branch

Inventory:

Hand Weapons
 g - a +0 short sword (weapon)
Missiles
 c - 4 stones
Armour
 a - a +0 robe (worn)
 l - a +0 pair of gloves (worn)
 m - a +0 helmet (worn)
Jewellery
 j - a +3 ring of intelligence
 k - a +3 ring of dexterity
Wands
 i - a wand of acid (10)
Scrolls
 f - 2 scrolls of blinking
Potions
 b - 5 potions of curing
 d - a potion of invisibility
 e - a potion of berserk rage
 h - 2 potions of heal wounds


   Skills:
 * Level 4.0 Fighting
 + Level 4.8 Dodging
 - Level 2.4 Stealth
 + Level 6.1 Spellcasting


You had 3 spell levels left.
You knew the following spells:

 Your Spells              Type           Power      Damage    Failure   Level
a - Shock                 Conj/Air       100%       1d9       1%          1
b - Static Discharge      Conj/Air       29%        N/A       1%          2
c - Swiftness             Air            29%        N/A       2%          3
d - Airstrike             Air            14%        N/A       9%          4
e - Sandblast             Erth           58%        2d13      1%          1
f - Ensorcelled Hibernat  Hex/Ice        58%        N/A       1%          2
Your spell library was empty.

Dungeon Overview and Level Annotations

Branches:
Dungeon (1/1)

Altars:
Cheibriados
Dithmenos
Elyvilon
Fedhas
Gozag
Hepliaklqana
Kikubaaqudgha
Makhleb
Nemelex Xobeh
Okawaru
Qazlal
Ru
Sif Muna
Trog
Uskayaw
Vehumet
Wu Jian
Xom
Yredelemnul
Zin
The Shining One
Beogh
Jiyva
Lugonu


Innate Abilities, Weirdness & Mutations

You are immune to sickness and miasma.
You are immune to poison.
Your flesh is very heat resistant. (rF++)
You are vulnerable to cold. (rC-)
You float through the air rather than walking.
You learn spells naturally, not from books.
Your magical power is your life essence.
You have superior vitality. (+4 MHP)


Message History

The zap hits the wight!
The wight is heavily damaged.
The zap hits the acid dragon.
The acid dragon is severely wounded.
The zap hits the yak.
The yak is severely wounded.
The yak gores you but does no damage.
Unknown command.
Unknown command.
Casting: Shock (safe; 1% risk of failure)
Confirm with . or Enter, or press ? or * to list all spells.
Aiming: Shock (safe; 1% risk of failure)
Press: ? - help, Shift-Dir - straight line, f/p - yak
Aim: a yak (moderately wounded, 84% to hit)
The zap hits the yak.
The yak is moderately wounded.
The zap hits the wight!
You destroy the wight!
Makhleb accepts your kill.
You can now gain health from killing.
The zap misses the acid dragon.
The zap hits the yak.
The yak is severely wounded.
The yak gores you!
* * * LOW HITPOINT WARNING * * *
Your Fighting skill gained 2 levels and is now at level 4!
Your Spellcasting skill increases to level 6!
You have reached level 5!
The power to cast Ensorcelled Hibernation wells up from within.
Spell assigned to 'f'.
Unknown command.
Casting: Shock (safe; 1% risk of failure)
Confirm with . or Enter, or press ? or * to list all spells.
Aiming: Shock (safe; 1% risk of failure)
Press: ? - help, Shift-Dir - straight line, f/p - yak
Aim: a yak (moderately wounded, 84% to hit)
The zap hits the yak.
The yak is heavily wounded.
The zap misses the acid dragon.
The zap misses the yak.
* * * LOW HITPOINT WARNING * * *
The yak gores you!
You die...

▓!▓
▓?▓
▓)▓
▓.▓
▓.▓
▓.▓
▓[▓
▓.▓
▓@▓
▓Y▓
▓D▓
▓Y▓
▓.▓
▓.▓
▓.▓
▓.▓


You could see 2 yaks and an acid dragon.

Vanquished Creatures
  A wight (D)
  A gnoll shaman (D)
  An orc wizard (D)
  A gnoll (D)
  An adder (D)
  2 orcs (D)
  A ball python (D)
  A bat (D)
  A jackal (D)
  A ball python zombie (D)
  A goblin (D)
  A kobold (D)
13 creatures vanquished.

Notes
Turn   | Place    | Note
-------+----------+-------------------------------------------
     0 | D        | Baz the Djinni Air Elementalist began the quest for the
                  | Orb.
     0 | D        | Reached XP level 1. HP: 15/15 MP: 0/0
     6 | D        | Reached skill level 3 in Spellcasting
   105 | D        | Noticed a gnoll shaman
   108 | D        | Reached XP level 2. HP: 18/21 MP: 0/0
   115 | D        | Reached skill level 4 in Spellcasting
   118 | D        | Reached skill level 5 in Spellcasting
   118 | D        | Reached XP level 3. HP: 6/25 MP: 0/0
   118 | D        | Learned a level 1 spell: Sandblast
   118 | D        | Reached XP level 4. HP: 7/31 MP: 0/0
   376 | D        | Found a snail-covered altar of Cheibriados.
   376 | D        | Found a shadowy altar of Dithmenos.
   376 | D        | Found a white marble altar of Elyvilon.
   376 | D        | Found a blossoming altar of Fedhas.
   376 | D        | Found an opulent altar of Gozag.
   377 | D        | Found a hazy altar of Hepliaklqana.
   378 | D        | Found a viscous altar of Jiyva.
   380 | D        | Found a corrupted altar of Lugonu.
   381 | D        | Found a burning altar of Makhleb.
   382 | D        | Found a sparkling altar of Nemelex Xobeh.
   383 | D        | Found an iron altar of Okawaru.
   384 | D        | Found a stormy altar of Qazlal.
   385 | D        | Found a sacrificial altar of Ru.
   387 | D        | Found a bloodstained altar of Trog.
   388 | D        | Found a hide-covered altar of Uskayaw.
   389 | D        | Became a worshipper of Makhleb the Destroyer
   391 | D        | Found an ornate altar of the Wu Jian Council.
   392 | D        | Found a shimmering altar of Xom.
   393 | D        | Found a basalt altar of Yredelemnul.
   394 | D        | Found a glowing silver altar of Zin.
   395 | D        | Found a glowing golden altar of the Shining One.
   441 | D        | Noticed a yak
   441 | D        | Noticed an acid dragon
   441 | D        | Noticed a yak
   447 | D        | Reached * piety under Makhleb
   448 | D        | Reached skill level 6 in Spellcasting
   448 | D        | Reached XP level 5. HP: 12/41 MP: 0/0
   448 | D        | Learned a level 2 spell: Ensorcelled Hibernation
   448 | D        | Slain by a yak

Illustrated notes

Levels and vault maps discovered:
D:        linesprint [early_d, line_temple, items_1, d_10, items_2, lair_1,
          lair_end, items_3, orc_1, orc_end, items_4, d_15, swamp_1, shoals_1,
          snake_1, spider_1, d_20, vaults_1, items_5, swamp_end, shoals_end,
          snake_end, spider_end, vaults_end, d_27, items_6, zot_1, zot_end,
          crypt_end, forest_end, elf_end, slime_end, tomb_end, abyss_end,
          pan_hell_end]

Skill      XL: |  1  2  3  4 |
---------------+-------------+-----
Spellcasting   | 3 5 6 |  6.1
Stealth        | 2 |  2.4
Dodging        | 3 4 |  4.8
Fighting       | 4 |  4.0

Action                   |  1- 3 |  4- 6 || total
-------------------------+-------+-------++-------
 Cast: Shock             |    12 |     7 ||    19
       Static Discharge  |     1 |       ||     1
  Use: Potion            |     2 |       ||     2
Armor: Robe              |     1 |     1 ||     2
Dodge: Dodged            |     2 |     1 ||     3
